 Dungeon Crawl Stone Soup version 0.31-a0-268-g4392ee761c (webtiles) character file.

Game seed: 4372809019993020349

39 qw the Shooter (level 3, -2/21 HPs)
             Began as a Gargoyle Hexslinger on July 14, 2023.
             Slain by a black bear (6 damage)
             ... on level 4 of the Dungeon.
             The game lasted 00:00:20 (748 turns).

qw the Shooter (Gargoyle Hexslinger)                 Turns: 748, Time: 00:00:20

Health: -2/21      AC:  7    Str: 11    XL:     3   Next: 45%
Magic:  4/4        EV: 12    Int: 13    God:
Gold:   144        SH:  0    Dex: 14    Spells: 3/4 levels left

rFire   . . .        Y - +1 sling
rCold   . . .        (no shield)
rNeg    + . .        c - +0 robe
rPois   inf          (no helmet)
rElec   +            (no cloak)
rCorr   .            g - +0 pair of gloves
SInv    .            j - +0 pair of boots
Will    .....        (no amulet)
Stlth   +            (no ring)
HPRegen 0.23/turn    (no ring)
MPRegen 0.09/turn

%: no passive effects
@: about to teleport
A: sickness immunity, AC +3, negative energy resistance 1, electricity
resistance, torment resistance 1, petrification resistance
a: no special abilities


You were on level 4 of the Dungeon.
You visited 1 branch of the dungeon, and saw 3 of its levels.

You collected 144 gold pieces.


Innate Abilities, Weirdness & Mutations

You are immune to sickness and miasma.
Your stone body is resilient. (AC +3)
You are immune to poison.
You resist negative energy. (rN+)
You are resistant to electric shocks. (rElec)
You are resistant to unholy torment.
You are immune to petrification.


   Skills:
 - Level 2.0 Fighting
 + Level 3.4 Ranged Weapons
 - Level 1.5 Dodging
 - Level 1.0 Spellcasting
 - Level 2.6 Hexes


You had 3 spell levels left.
You knew the following spells:

 Your Spells              Type           Power      Damage    Failure   Level
a - Slow                  Hex            28%        N/A       10%         1

Your spell library contained the following spells:

 Spells                   Type           Power      Damage    Failure   Level
 Inner Flame              Hex/Fire       4%         N/A       43%         3
 Portal Projectile        Hex/Tloc       8%         N/A       43%         3
 Cause Fear               Hex            3%         N/A       67%         4

Inventory:

Hand Weapons
 Y - a +1 sling (weapon)
Armour
 a - a +0 leather armour
 c - a +0 robe (worn)
 d - the +5 robe of Misfortune {Harm *Corrode *Slow EV+5}
   (You found it on level 2 of the Dungeon)

   EV:        It affects your evasion (+5).
   *Corrode:  It may corrode you when you take damage.
   *Slow:     It may slow you when you take damage.
   Harm:      It increases damage dealt and taken.
 g - a +0 pair of gloves (worn)
 j - a +0 pair of boots (worn)
Potions
 b - a potion of degeneration {unknown}
 e - a potion of enlightenment {unknown}
 f - a potion of heal wounds {unknown}
 h - a potion of curing {unknown}
 i - a potion of resistance {unknown}
 l - a potion of mutation {unknown}

Dungeon Overview and Level Annotations

Branches:
Dungeon (4/15)
 Temple: D:4-7

Altars:
Nemelex Xobeh

Shops:
D:1 =


Message History

You shoot a sling bullet. The sling bullet hits the black bear.
The black bear is lightly wounded.
You shoot a sling bullet. The sling bullet hits the black bear.
The black bear is moderately wounded.
You shoot a sling bullet.
The sling bullet barely misses the black bear.
The black bear bites you but does no damage.
The black bear misses you. The black bear barely misses you.
You shoot a sling bullet. The sling bullet hits the black bear.
The black bear is heavily wounded.
The black bear bites you. The black bear barely misses you.
The black bear claws you but does no damage.
You shoot a sling bullet.
The sling bullet barely misses the black bear.
The black bear bites you but does no damage.
The black bear claws you but does no damage.
The black bear closely misses you.
You shoot a sling bullet.
The sling bullet closely misses the black bear.
The black bear closely misses you. x3; The black bear bites you.
The black bear claws you but does no damage. x2
You shoot a sling bullet. The sling bullet hits the black bear.
The black bear is severely wounded.
The black bear bites you. The black bear claws you.
The black bear closely misses you.
You shoot a sling bullet.
The sling bullet barely misses the black bear.
The black bear bites you! The black bear completely misses you.
The black bear claws you.
747 ||| READING scroll of teleportation.
As you read the scroll of teleportation, it crumbles to dust.
You feel strangely unstable.
The black bear goes berserk!
You shoot a sling bullet.
The sling bullet hits the black bear but does no damage.
The black bear is severely wounded.
The black bear bites you but does no damage.
The black bear claws you. The black bear barely misses you.
The black bear bites you.
You die...

.................#
..........#.######
#######.###.# #
#.....#.# #.#
..#####.....#.###.#
..................#
#...........#.##..#
##......#.##..#
#.@#####.##..#
#....h....#.##..#
#.........#.##..######
#.........#.##........
#.........#.##.#######
#.........# #.#
#.........# #.#
#.........+ #.# ..#


You could see a black bear (berserk).

Vanquished Creatures
  A gnoll (D:1)
  2 adders (D:2)
  An orc (D:2)
  2 bats
  An endoplasm (D:1)
  2 kobolds
  2 frilled lizards
  A rat (D:1)
12 creatures vanquished.

Notes
Turn   | Place    | Note
-------+----------+-------------------------------------------
     0 | D:1      | qw the Gargoyle Hexslinger began the quest for the Orb.
     0 | D:1      | Reached XP level 1. HP: 12/12 MP: 2/2
     0 | D:1      | 0 ||| qw: Version: 0.3-a-52-g30416fa
     0 | D:1      | 0 ||| qw: Game counter: 7918
     0 | D:1      | 0 ||| qw: Melee chars always use a shield: true
     0 | D:1      | 0 ||| qw: God list: Okawaru
     0 | D:1      | 0 ||| qw: Allow faded altars: false
     0 | D:1      | 0 ||| qw: Do Orc after clearing Dungeon:15 true
     0 | D:1      | 0 ||| qw: Do second Lair branch before Depths: true
     0 | D:1      | 0 ||| qw: Lair rune preference: random
     0 | D:1      | 0 ||| qw: Goals: Normal
     0 | D:1      | 0 ||| PLANNING D:1-11
   191 | D:1      | Found Gown's Jewellery Boutique.
   201 | D:1      | 201 ||| SHOPLISTING +5 ring of evasion (468 gold, have
                  | 104).
   201 | D:1      | 201 ||| SHOPLISTING amulet "Wureox Luoba" {Faith Will+
                  | SInv} (738 gold, have 104).
   201 | D:1      | 201 ||| SHOPLISTING amulet of the acrobat (390 gold, have
                  | 104).
   233 | D:1      | Reached skill level 3 in Ranged Weapons
   233 | D:1      | Reached XP level 2. HP: 16/16 MP: 3/3
   453 | D:1      | Found a faded altar of an unknown god.
   461 | D:1      | 461 ||| UPGRADING to +0 pair of gloves.
   466 | D:1      | 466 ||| UPGRADING to +0 pair of boots.
   471 | D:1      | 471 ||| DROPPING ring of flight.
   472 | D:1      | 472 ||| READING scroll labelled NACVUT ICIN.
   473 | D:1      | 473 ||| READING 2 scrolls labelled XEWNAGIMOU.
   477 | D:1      | 477 ||| READING scroll labelled NOPOL YMEROPEYJ.
   478 | D:1      | 478 ||| READING scroll labelled KEMEOM BANK.
   479 | D:1      | 479 ||| DROPPING scroll of poison.
   583 | D:2      | Reached XP level 3. HP: 20/21 MP: 4/4
   651 | D:2      | Found the +5 robe of Misfortune {Harm *Corrode *Slow EV+5}
   703 | D:2      | Found a sparkling altar of Nemelex Xobeh.
   707 | D:2      | You fall into a shaft and drop 2 floors!
   736 | D:4      | Noticed a black bear
   746 | D:4      | HP: 5/21 [black bear (1)]
   747 | D:4      | 747 ||| READING scroll of teleportation.
   748 | D:4      | Slain by a black bear

Levels and vault maps discovered:
D:1:      arrival_zaba_pyramid, layout_rooms, chequers_ecumenical_altar_simple,
          serial_shops, shop
D:2:      layout_basic, basic_altar
D:4:      layout_basic

Skill      XL: |  1  2 |
---------------+-------+-----
Ranged Weapons | 3 |  3.4
Fighting       | 2 |  2.0
Dodging        | |  1.5
Spellcasting   | |  1.0
Hexes          | |  2.6

Action                     || total
---------------------------++-------
   Fire: Sling             ||    71
    Use: Scroll            ||     5
 Armour: Robe              ||    16
  Dodge: Dodged            ||    40

Table legend:
 A = Non-vault XP
 B = Vault XP
 C = Vault XP percentage of total XP
 D = Non-vault monster count
 E = Vault monster count
 F = Vault count percentage of total count
                 A         B        C        D         E       F
            +---------+---------+-------+---------+---------+-------
      Total |      56 |       0 |   0.0 |      12 |       0 |   0.0
            +---------+---------+-------+---------+---------+-------
        D:1 |      22 |       0 |   0.0 |       6 |       0 |   0.0
        D:2 |      34 |       0 |   0.0 |       6 |       0 |   0.0
            +---------+---------+-------+---------+---------+-------
